 Dungeon Crawl Stone Soup version 0.30.0-11-gf55b779eaf (webtiles) character file.

Game seed: 9124921737925549346

203 GigaChad the Covered (level 5, -5/48 HPs)
             Began as an Armataur Fighter on May 17, 2023.
             Was an Initiate of Wu Jian.
             Slain by a river rat (7 damage)
             ... on level 3 of the Dungeon.
             The game lasted 00:02:27 (1980 turns).

GigaChad the Covered (Armataur Fighter)             Turns: 1980, Time: 00:02:27

Health: -5/48      AC: 15    Str: 23    XL:     5   Next: 51%
Magic:  5/5        EV:  6    Int:  8    God:    Wu Jian [......]
Gold:   116        SH:  4    Dex: 10    Spells: 4/4 levels left

rFire   . . .        a - +0 war axe (protect)
rCold   . . .        c - +0 buckler
rNeg    . . .        h - +0 chain mail
rPois   .            (no helmet)
rElec   .            k - scarf {repulsion}
rCorr   .            (no gloves)
SInv    .            (no barding)
Will    .....        (no amulet) Stlth
                     (no ring)
HPRegen 0.28/turn    (no ring)
MPRegen 0.09/turn

%: repel missiles, roll
@: under a protective aura
A: large, rugged brown scales 3, deformed body, armoured tail, roll, long
tongue, awkward tongue
a: Renounce Religion


You were on level 3 of the Dungeon.
You worshipped Wu Jian.
Wu Jian was noncommittal.
You visited 1 branch of the dungeon, and saw 3 of its levels.

You collected 116 gold pieces.

Inventory:

Hand Weapons
 a - a +0 war axe of protection (weapon)
Armour
 b - a +0 scale mail
 c - a +0 buckler (worn)
 h - a +0 chain mail (worn)
 k - a scarf of repulsion (worn)
Scrolls
 e - a scroll of blinking
 j - a scroll of identify
 n - a scroll of magic mapping
 p - a scroll of amnesia {unknown}
Potions
 d - a potion of might
 f - a potion of cancellation {unknown}
 g - a potion of degeneration {unknown}
 i - 2 potions of curing {unknown}
 l - a potion of brilliance {unknown}
 m - a potion of flight {unknown}
 o - 2 potions of attraction {unknown}
 q - a potion of invisibility {unknown}


   Skills:
 * Level 3.4 Fighting
 * Level 3.4 Axes
 * Level 4.7 Armour
 * Level 3.9 Shields


You had 4 spell levels left.
You didn't know any spells.
Your spell library contained the following spells:

 Spells                   Type           Power      Damage    Failure   Level
 Foxfire                  Conj/Fire      0%         2x1d4     97%         1
 Necrotise                Necr           0%         1d4       97%         1
 Sublimation of Blood     Necr           0%         N/A       99%         2
 Wereblood                Tmut           0%         N/A       99%         2
 Vampiric Draining        Necr           0%         2d6       100%        3
 Agony                    Necr           0%         N/A       100%        5
 Fireball                 Conj/Fire      0%         3d3       100%        5
 Plasma Beam              Fire/Air       0%         2x1d11    100%        6
 Starburst                Conj/Fire      0%         6d3       100%        6
 Summon Hydra             Summ           0%         N/A       100%        7


Dungeon Overview and Level Annotations

Branches:
Dungeon (3/15)

Altars:
Elyvilon
Kikubaaqudgha
Wu Jian

Portals:
Sewer: D:3


Innate Abilities, Weirdness & Mutations

You are completely covered in rugged brown scales. (AC +3, +7% HP)
Armour fits poorly on your strangely shaped body.
You have a long armoured tail.
You roll when moving toward enemies. (Rampage)
Your long tongue fully drains potion bottles. (2x potion effects)
Your tongue gives you trouble enunciating. (1.5x scroll delay)


Message History

The orc priest hits you but does no damage.
The river rat bites you but does no damage.
Unknown command.
You hit the orc priest.
The orc priest is moderately wounded.
You barely miss the river rat. The orc priest barely misses you.
The river rat barely misses you.
Unknown command.
You closely miss the orc priest.
The orc priest is moderately wounded.
You barely miss the river rat.
The orc priest hits you with a +0 trident.
* * * LOW HITPOINT WARNING * * *
The river rat bites you.
* * * LOW HITPOINT WARNING * * *
The river rat bites you but does no damage.
The orc priest closely misses you.
You closely miss the orc priest.
The orc priest is moderately wounded.
You barely miss the river rat.
The orc priest hits you but does no damage.
The river rat closely misses you.
Unknown command.
You slash the orc priest!
You kill the orc priest!
The Council accepts your kill.
You closely miss the river rat. The river rat bites you.
* * * LOW HITPOINT WARNING * * *
Unknown command.
The river rat attacks as you move away!
The river rat bites you but does no damage.
Things that are here:
a +0 trident; a +0 chain mail; an orc corpse Unknown command.
The river rat attacks as you move away! The river rat closely misses you.
Found a scroll labelled APTESO ATTOAMM.
You hit the river rat.
The river rat is lightly wounded.
The river rat bites you!
You die...

##.##.# #.##(#
#.##.#
#.##.########
#............
####.#########.
#.# .....
#.####...#
#)†r@..#
#†)###...#
#...†..# .##
#~~~...# .?
#~~~~..# ##
#~~~~~##
#∩~~~~# #######


You could see a river rat.

Vanquished Creatures
  An orc priest (D:3)
  An orc wizard (D:3)
  Robin (D:2)
  A gnoll (D:3)
  An adder (D:3)
  2 river rats (D:3)
  2 worms (D:2)
  2 dart slugs
  3 orcs (D:3)
  7 ball pythons
  6 endoplasms
  3 giant cockroaches
  19 goblins
  4 hobgoblins
  7 jackals
  2 quokkas (D:1)
  6 bats
  A frilled lizard (D:2)
  5 kobolds
  10 rats
84 creatures vanquished.

Notes
Turn   | Place    | Note
-------+----------+-------------------------------------------
     0 | D:1      | GigaChad the Armataur Fighter began the quest for the Orb.
     0 | D:1      | Reached XP level 1. HP: 19/19 MP: 1/1
   188 | D:1      | Reached XP level 2. HP: 26/26 MP: 2/2
   353 | D:1      | Reached skill level 4 in Armour
   483 | D:1      | Found a faded altar of an unknown god.
   575 | D:1      | Reached XP level 3. HP: 31/33 MP: 3/3
   986 | D:2      | Noticed Robin
   995 | D:2      | Killed Robin
  1171 | D:2      | Reached XP level 4. HP: 37/40 MP: 4/4
  1584 | D:3      | Found a white marble altar of Elyvilon.
  1586 | D:3      | Found an ancient bone altar of Kikubaaqudgha.
  1636 | D:3      | Found an ornate altar of the Wu Jian Council.
  1794 | D:3      | Became a worshipper of the Wu Jian Council
  1955 | D:3      | Found a glowing drain.
  1962 | D:3      | Reached XP level 5. HP: 30/48 MP: 5/5
  1977 | D:3      | HP: 1/48 [river rat (2)]
  1980 | D:3      | Slain by a river rat

Illustrated notes

Levels and vault maps discovered:
D:1:      lordsloth_arrival_two_stooges, layout_loops_corners,
          shapermc_ecumenical_altar_notcrosses, minmay_pentomino_t2
D:2:      layout_basic, hangedman_abyss_or_decor_lesser_grid,
          hangedman_decor_slide_cut, uniq_robin
D:3:      layout_loops_ring, elyvilon_altar_5, mainiacjoe_overflow_two_lobes,
          portal_sewer_entry_b, dreamdust_princess_bridge, minmay_box_of_dots,
          uniq_crazy_yiuf_cottage

Skill      XL: |  1  2  3  4 |
---------------+-------------+-----
Armour         | 4 |  4.7
Fighting       | 3 |  3.4
Axes           | 2 3 |  3.4
Shields        | |  3.9

Action                     |  1- 3 |  4- 6 || total
---------------------------+-------+-------++-------
  Melee: War axe           |    81 |   100 ||   181
         Tailslap          |     5 |    11 ||    16
    Use: Scroll            |     1 |     3 ||     4
 Armour: Scale mail        |    23 |       ||    23
         Chain mail        |    46 |    89 ||   135
  Dodge: Dodged            |    34 |    41 ||    75
         Repelled          |       |     3 ||     3
  Block: Buckler           |    22 |    26 ||    48
